 Dungeon Crawl Stone Soup version 0.18-a0-912-g81d1dc4 (webtiles) character file.

21 filipzpl the Skirmisher (level 2, -2/20 HPs)
             Began as a Gargoyle Berserker on Dec 25, 2015.
             Was a Follower of Trog.
             Slain by a worm (6 damage)
             ... on level 1 of the Dungeon.
             The game lasted 00:01:57 (507 turns).

filipzpl the Skirmisher (Gargoyle Berserker)         Turns: 507, Time: 00:01:57

Health: -2/20      AC:  8    Str: 20    XL:     2   Next: 87%
Magic:  2/2        EV: 11    Int:  7    God:    Trog [*.....]
Gold:   4          SH:  0    Dex:  9    Spells: 0 memorised, 1 level left

rFire  . . .     SeeInvis .     a - +0 mace
rCold  . . .     Gourm    .     i - +0 ring mail
rNeg   + . .     Faith    .     (no shield)
rPois  ∞         Spirit   .     (no helmet)
rElec  +         Dismiss  .     (no cloak)
rCorr  .         Reflect  .     (no gloves)
SustAt .         Harm     .     (no boots)
MR     .....                    (no amulet)
Stlth  ..........               (no ring)
                                (no ring)

@: not resistant to hostile enchantments, extremely unstealthy
A: negative energy resistance 1, electricity resistance, unbreathing,
petrification resistance, rot immunity, AC +2
a: Berserk, Burn Spellbooks, Renounce Religion


You were on level 1 of the Dungeon.
You worshipped Trog.
Trog was aware of your devotion.
You were not hungry.

You visited 1 branch of the dungeon, and saw 2 of its levels.

You collected 4 gold pieces.

Inventory:

Hand Weapons
 a - a +0 mace (weapon)
Armour
 i - a +0 ring mail (worn)
Scrolls
 d - a scroll of identify {unknown}
 e - a scroll of enchant weapon {unknown}
 g - a scroll of fear {unknown}
 h - a scroll of remove curse {unknown}
Comestibles
 c - a bread ration
 f - a meat ration


   Skills:
 * Level 4.0 Fighting
 * Level 3.4 Maces & Flails
 - Level 2.1 Armour
 - Level 1.5 Dodging


You had one spell level left.
You didn't know any spells.

Dungeon Overview and Level Annotations

Branches:
Dungeon (2/15)

Altars:
Xom


Innate Abilities, Weirdness & Mutations

You are resistant to torment.
Your stone body is resilient (AC +2).
You are immune to poison.
You resist negative energy.
You are resistant to electric shocks.
You can survive without breathing.
You are immune to petrification.
You are immune to rotting.


Message History

You hit the worm.
The worm is heavily wounded.
The worm bites you.
* * * LOW HITPOINT WARNING * * *
You are too injured to fight recklessly!
You are too injured to fight recklessly!
You are too injured to fight recklessly!
There is a stone staircase leading up here.
You climb upwards.
There is a stone staircase leading down here.
You hit the worm.
The worm is heavily wounded.
The worm bites you but does no damage.
You hit the worm.
The worm is severely wounded.
The worm closely misses you.
You sock the worm!
The worm is almost dead.
The worm bites you.
You die...

#....#####.#...###............#
####.....#.#...##........##.#..
#P#####.#.#...#....####.....#.
##♣≈≈## #.#..........# ###.....
#≈≈≈P≈###.##......#.## #.((.#)
#P≈P≈≈..(........##.# ##.##...
♣≈≈≈≈≈...####....#..#####..##...
♣P≈≈≈≈...## #..>..........###...
#♣≈≈PPP...≈# #..@...########
##.. #≈P≈≈≈..)≈(♣ ##..w.## #..
♣≈≈≈P≈...≈P♣♣#..##..## ##.
P≈≈≈≈≈≈..≈≈≈♣#.####..# #.
P≈≈≈≈≈....≈≈♣♣.# ##.# ##
PP≈≈≈♣...≈≈♣♣♣## #.### #
≈P≈P≈≈..≈P≈♣♣ #...## #####
≈≈≈≈≈≈÷..≈≈≈♣ ######..# #....
≈≈P≈≈≈..≈≈≈≈♣♣###......## #..†.


You could see a worm.

Vanquished Creatures
  4 bats (D:1)
  A giant cockroach (D:1)
  4 goblins (D:1)
  3 hobgoblins (D:1)
  3 kobolds (D:1)
  2 giant newts (D:1)
  2 rats (D:1)
19 creatures vanquished.

Notes
Turn   | Place    | Note
--------------------------------------------------------------
     0 | D:1      | filipzpl the Gargoyle Berserker began the quest for the Orb.
     0 | D:1      | Reached XP level 1. HP: 14/14 MP: 1/1
    15 | D:1      | Found a shimmering altar of Xom.
   150 | D:1      | Reached XP level 2. HP: 17/19 MP: 2/2
   338 | D:1      | Reached skill level 4 in Fighting
   507 | D:1      | Slain by a worm

Vault maps used:
D:1:      minmay_arrival_plants_in_alcoves, minmay_liquid_box,
          serial_bayou_ford_a, xom_teletrap_fun
D:2:      serial_forest, infiniplex_forest_straight_1,
          infiniplex_forest_lined_3_way, infiniplex_forest_clump_double,
          infiniplex_forest_end_3, infiniplex_forest_end_1,
          infiniplex_forest_clump_medium, infiniplex_forest_straight_1,
          infiniplex_forest_end_3, first_bread, nicolae_underground_beach

Action                   || total
-------------------------++-------
Melee: Mace              ||    78
